[Event "CHN-ch Rapid Women 2017"]
[Site "Shenzhen"]
[Date "2017.12.07"]
[Round "6"]
[White "Wang, Doudou"]
[Black "Chu, Ruotong"]
[Result "1/2-1/2"]
[ECO "D04"]
[WhiteElo "2191"]
[BlackElo "2166"]
[Annotator "NA RC"]
[PlyCount "88"]
[EventDate "2017.??.??"]
[EventType "rapid"]
[EventCountry "CHN"]
[SourceTitle "playchess.com"]
[Source "ChessBase"]
[SourceQuality "1"]
[TimeControl "900+10"]

1. Nf3 Nf6 2. b3 g6 3. Bb2 Bg7 4. e3 O-O 5. Be2 d5 6. O-O c5 7. d4 Ne4 8. Nbd2 Nc6 9. Bd3 Bf5 10. Qe2 Nb4 11. a3 Nxd3 12. cxd3 Nxd2 13. Qxd2 cxd4 14. Bxd4 Bxd4 (14... f6 $15) 15. Nxd4 Qd7 16. Rfc1 Rfc8 17. h3 b6 18. a4 Rxc1+ $11 19. Rxc1 Rc8 20. Rc3 Rxc3 21. Qxc3 Qc8 22. Qxc8+ Bxc8 23. Nc6 Kf8 24. Nxa7 Bd7 25. d4 Ke8 26. Kf1 Kd8 27. Ke2 Kc7 28. Kf3 Kb7 29. Nb5 Bxb5 30. axb5 Kc7 31. e4 e6 32. exd5 exd5 33. Kf4 f6 34. h4 Kd6 35. Kg4 Ke6 36. f3 h6 37. Kf4 f5 38. g4 Kf6 39. Kg3 Ke6 40. Kf4 Kf6 41. Kg3 Ke6 42. Kf4 Kf6 43. Kg3 Ke6 44. Kh3 f4 1/2-1/2

[Event "CHN-ch Rapid Women 2017"]
[Site "Shenzhen"]
[Date "2017.12.08"]
[Round "7"]
[White "Wang, Jue"]
[Black "Guo, Qi"]
[Result "1/2-1/2"]
[ECO "C65"]
[WhiteElo "2359"]
[BlackElo "2396"]
[Annotator "NA"]
[PlyCount "42"]
[EventDate "2017.??.??"]
[EventType "rapid"]
[EventCountry "CHN"]
[SourceTitle "playchess.com"]
[Source "ChessBase"]
[SourceQuality "1"]
[TimeControl "900+10"]

1. e4 e5 2. Nf3 Nc6 3. Bb5 Nf6 4. d3 Bc5 5. Bxc6 dxc6 6. Nbd2 {C65: Ruy Lopez: Berlin Defence (3...Nf6), unusual lines and 4 0-0 Bc5} Be6 7. O-O Nd7 {LiveBook: 48 Games} 8. Nb3 Be7 9. d4 Bd6 $146 ({Predecessor:} 9... f6 10. Na5 Rb8 11. dxe5 Nxe5 12. Qxd8+ Kxd8 13. Nxe5 fxe5 {1-0 (47) Ivanchuk,V (2710)-Bacrot,E (2692) Ashdod 2015}) 10. Na5 Qc8 11. dxe5 Nxe5 12. Nxe5 Bxe5 13. f4 Bg4 14. Qd3 Bd6 15. f5 f6 16. Qc4 $14 (16. Bf4 $16) 16... Bh5 17. Qb3 Rb8 18. Be3 Bf7 19. Qc3 Ra8 20. Nc4 O-O 21. Nxd6 cxd6 1/2-1/2

[Event "CHN-ch Rapid Women 2017"]
[Site "Shenzhen"]
[Date "2017.12.08"]
[Round "7"]
[White "Zhu, Jiner"]
[Black "Zhang, Xiaowen"]
[Result "1-0"]
[ECO "A01"]
[WhiteElo "2324"]
[BlackElo "2332"]
[Annotator "NA"]
[PlyCount "69"]
[EventDate "2017.??.??"]
[EventType "rapid"]
[EventCountry "CHN"]
[SourceTitle "playchess.com"]
[Source "ChessBase"]
[SourceQuality "1"]
[TimeControl "900+10"]

1. b3 e5 2. Bb2 d6 3. c4 Nf6 4. Nc3 g6 5. Nf3 Bg7 6. e3 O-O 7. d4 exd4 8. Nxd4 Nc6 9. Be2 Re8 10. Nxc6 bxc6 11. Bf3 Bd7 12. O-O a5 13. Qd2 Qb8 14. Rad1 Qb4 15. Qc1 Qc5 16. Rfe1 Qg5 17. Ne2 Rab8 18. Nd4 Rb6 19. Ba3 c5 20. Nb5 Bg4 21. Bxg4 Nxg4 22. h3 Nxf2 23. Kxf2 Be5 24. Re2 Re6 25. Ke1 Bg3+ 26. Kd2 Bf2 27. Kd3 Qxg2 28. Nc3 d5 29. cxd5 Rbd6 30. Bxc5 Rxd5+ 31. Nxd5 Qxd5+ 32. Bd4 Qe4+ 33. Kd2 Bxe3+ 34. Rxe3 Qxd4+ 35. Ke2 1-0

[Event "CHN-ch Rapid Women 2017"]
[Site "Shenzhen"]
[Date "2017.12.08"]
[Round "7"]
[White "Xiao, Yiyi"]
[Black "Xu, Huahua"]
[Result "1-0"]
[ECO "E62"]
[WhiteElo "2311"]
[BlackElo "2222"]
[Annotator "ChessBase"]
[PlyCount "126"]
[EventDate "2017.??.??"]
[EventType "rapid"]
[EventCountry "CHN"]
[SourceTitle "playchess.com"]
[Source "ChessBase"]
[SourceQuality "1"]
[TimeControl "900+10"]

1. d4 Nf6 2. c4 g6 3. g3 Bg7 4. Bg2 d6 5. Nf3 O-O 6. O-O Nc6 7. Nc3 Re8 8. d5 Na5 9. Nd2 c5 10. Qc2 a6 11. b3 b5 12. cxb5 axb5 13. Nxb5 Bb7 14. Bb2 Nxd5 15. Bxg7 Kxg7 16. Rfd1 Nc7 17. Qb2+ f6 18. Bxb7 Nxb7 19. Nxc7 Qxc7 20. Nc4 Na5 21. Ne3 Nc6 22. Nd5 Qa5 23. h4 Nb4 24. Nf4 Qa3 25. Qc3 Ra7 26. Ne6+ Kh8 27. Qd2 Nxa2 28. Qh6 Rg8 29. Nf8 Rg7 30. Ne6 Rg8 31. h5 Qxb3 32. hxg6 Rxg6 33. Qh3 Qb8 34. Nf4 Rg5 35. Rdb1 Qa8 36. Qh6 c4 37. Ne6 Rg6 38. Qd2 c3 39. Qc2 f5 40. Nf4 Rg7 41. Ne6 Rg6 42. Nf4 Rg7 43. Qxf5 e5 44. Nh5 Rgf7 45. Qd3 d5 46. Qe3 Qe8 47. Nf6 Qd8 48. Ng4 Rfe7 49. Qg5 Qf8 50. Nxe5 c2 51. Rc1 Nxc1 52. Rxc1 Rac7 53. Qh5 Qf6 54. Ng4 Qf7 55. Qg5 Rxe2 56. Qd8+ Re8 57. Qd6 Rd7 58. Qb6 Rf8 59. Ne5 Qe7 60. Nxd7 Qxd7 61. Rxc2 d4 62. Rc7 Qg4 63. Qb1 Qh5 1-0

[Event "CHN-ch Rapid Women 2017"]
[Site "Shenzhen"]
[Date "2017.12.08"]
[Round "7"]
[White "Zhai, Mo"]
[Black "Kuang, Yinghui"]
[Result "1-0"]
[ECO "D55"]
[WhiteElo "2302"]
[BlackElo "2220"]
[Annotator "NA"]
[PlyCount "71"]
[EventDate "2017.??.??"]
[EventType "rapid"]
[EventCountry "CHN"]
[SourceTitle "playchess.com"]
[Source "ChessBase"]
[SourceQuality "1"]
[TimeControl "900+10"]

1. d4 d5 2. c4 e6 3. Nf3 Nf6 4. Bg5 Be7 5. e3 $11 {LiveBook: 423 Games} h6 6. Bxf6 Bxf6 7. Nc3 O-O 8. Rc1 b6 9. Be2 Bb7 10. cxd5 exd5 11. O-O c6 12. Re1 Nd7 13. Qc2 Be7 14. a3 a5 15. Bd3 b5 16. Bf5 Nb6 17. a4 b4 18. Ne2 Bd6 19. b3 Bc8 20. Ng3 Bxg3 21. hxg3 Qf6 22. Bd3 Bb7 23. Ne5 c5 24. Qxc5 Rfc8 25. Qb5 Rd8 26. Rc7 Ba6 27. Qc6 Qxc6 28. Rxc6 Bxd3 29. Nxd3 Nd7 30. Rec1 Nf6 31. f3 Re8 32. Kf2 Kf8 33. Rc7 Re7 34. Ne5 Ne8 35. Nd7+ Kg8 36. Nf6+ 1-0

[Event "CHN-ch Rapid Women 2017"]
[Site "Shenzhen"]
[Date "2017.12.08"]
[Round "7"]
[White "Ren, Xiaoyi"]
[Black "Zhao, Shengxin"]
[Result "0-1"]
[ECO "D25"]
[WhiteElo "2254"]
[BlackElo "2183"]
[Annotator "NA"]
[PlyCount "110"]
[EventDate "2017.??.??"]
[EventType "rapid"]
[EventCountry "CHN"]
[SourceTitle "playchess.com"]
[Source "ChessBase"]
[SourceQuality "1"]
[TimeControl "900+10"]

1. d4 d5 2. c4 dxc4 3. e3 Be6 4. Nf3 Nf6 5. Nc3 c6 6. a4 Nd5 7. Ng5 Nxc3 8. bxc3 Qd7 9. e4 h6 10. Nf3 Qc7 11. Ne5 Nd7 12. Nxc4 Nf6 13. Qf3 g6 14. Bf4 Qc8 15. Be5 Bg4 16. Qe3 Bg7 17. h3 Bd7 18. Be2 b5 19. Nd2 O-O 20. O-O Kh7 21. Nb3 Be8 22. Bxf6 exf6 23. Nc5 Bd7 24. c4 b4 25. a5 Re8 26. Bd3 Qd8 27. Rfb1 f5 28. e5 Rb8 29. Ra4 b3 30. Ra3 b2 31. Ra2 Bc8 32. Raxb2 Rxb2 33. Rxb2 Qxa5 34. f4 Bf8 35. Nb7 Qc3 36. Rb1 Bb4 37. Rc1 Qb3 38. Rb1 Qa3 39. Nc5 Bxc5 40. dxc5 Rd8 41. Rd1 Be6 42. Kf2 Bxc4 43. Bxc4 Qxe3+ 44. Kxe3 Rxd1 45. Bxf7 Kg7 46. Be8 Rd5 47. Bxc6 Rxc5 48. Ba4 a5 49. Kd4 Rc1 50. Kd5 Ra1 51. Bb5 a4 52. e6 Kf6 53. Bc4 a3 54. Kd6 Rd1+ 55. Bd5 Rxd5+ {Ke5} 0-1

[Event "CHN-ch Rapid Women 2017"]
[Site "Shenzhen"]
[Date "2017.12.08"]
[Round "7"]
[White "Gu, Tianlu"]
[Black "Wang, Doudou"]
[Result "0-1"]
[ECO "A05"]
[WhiteElo "2197"]
[BlackElo "2191"]
[Annotator "ChessBase"]
[PlyCount "148"]
[EventDate "2017.??.??"]
[EventType "rapid"]
[EventCountry "CHN"]
[SourceTitle "playchess.com"]
[Source "ChessBase"]
[SourceQuality "1"]
[TimeControl "900+10"]

1. Nf3 Nf6 2. g3 b6 3. Bg2 Bb7 4. d3 e6 5. O-O Be7 6. e4 O-O 7. h3 d6 8. a4 c5 9. Nc3 Nc6 10. d4 cxd4 11. Nxd4 Nxd4 12. Qxd4 a6 13. Be3 Nd7 14. Rfd1 Qc7 15. Kh2 Rfd8 16. f4 Rac8 17. Qd2 Bc6 18. Qf2 Qb7 19. g4 Nc5 20. e5 Bxg2 21. Qxg2 Qxg2+ 22. Kxg2 d5 23. Rd2 Kf8 24. Rad1 Ke8 25. Bd4 Rc6 26. b3 Rdc8 27. Rf2 Nd7 28. Rd3 Bb4 29. Na2 Be1 30. Re2 Rxc2 31. Kf1 Bh4 32. Nc3 Rxe2 33. Nxe2 Be7 34. f5 Bc5 35. Bc3 Ke7 36. b4 d4 37. Bd2 Nxe5 38. Rb3 Bd6 39. Nxd4 Rc4 40. Ne2 b5 41. axb5 axb5 42. fxe6 fxe6 43. Bc3 Nc6 44. Bxg7 Rxb4 45. Rxb4 Bxb4 46. Kf2 Bd2 47. Kf3 Kd6 48. Ke4 Be1 49. Bf8+ Kd7 50. Nf4 b4 51. Nd3 Bc3 52. Nc5+ Ke8 53. Bh6 Ke7 54. Kd3 Ne5+ 55. Kc2 Nf3 56. Ne4 Be1 57. Kb3 Ng1 58. Bd2 Bxd2 59. Nxd2 Nxh3 60. Kxb4 Kf6 61. Nf3 Nf2 62. g5+ Kf5 63. Nd4+ Ke5 64. Kc4 Ne4 65. Nf3+ Kf4 66. Nd4 Nxg5 67. Kd3 e5 68. Nc6 h5 69. Ne7 Kf3 70. Ng6 e4+ 71. Kd2 Kf2 72. Nf4 e3+ 73. Kd1 h4 74. Nd3+ Kf1 0-1

[Event "CHN-ch Rapid Women 2017"]
[Site "Shenzhen"]
[Date "2017.12.08"]
[Round "7"]
[White "Li, Xueyi"]
[Black "Zhang, Lanlin"]
[Result "1-0"]
[ECO "D45"]
[WhiteElo "2190"]
[BlackElo "2183"]
[Annotator "NA"]
[PlyCount "95"]
[EventDate "2017.??.??"]
[EventType "rapid"]
[EventCountry "CHN"]
[SourceTitle "playchess.com"]
[Source "ChessBase"]
[SourceQuality "1"]
[TimeControl "900+10"]

1. d4 d5 2. c4 c6 3. Nc3 Nf6 4. e3 e6 5. Nf3 Nbd7 6. Qc2 Bd6 7. g4 dxc4 8. g5 Nd5 9. Bxc4 Nb4 10. Qe2 b5 11. Bb3 a5 12. a3 Na6 13. e4 b4 14. axb4 axb4 15. Nd1 Bb7 16. Ne3 Nb6 17. h4 Nc7 18. Rxa8 Qxa8 19. h5 Kd7 20. Ng4 Qa1 21. Nfe5+ Kc8 22. Qc2 Bxe5 23. Nxe5 Rd8 24. O-O Qa5 25. Be3 Qa8 26. Nxf7 Rf8 27. Nd6+ Kb8 28. d5 Nc8 29. Nxb7 Qxb7 30. Qc5 Re8 31. dxc6 Qb5 32. Qxb5+ Nxb5 33. Ba4 Nc7 34. Rd1 e5 35. Bc5 g6 36. h6 Rh8 37. Rd7 Ne6 38. Be3 Nf8 39. Rd8 Kc7 40. Re8 Nd6 41. Re7+ Kd8 42. Rxe5 Nc4 43. c7+ Kc8 44. Re8+ Kxc7 45. Bd4 Rg8 46. Bb3 Nd6 47. Re7+ Kd8 48. Bf6 1-0

[Event "CHN-ch Rapid Women 2017"]
[Site "Shenzhen"]
[Date "2017.12.08"]
[Round "7"]
[White "Chu, Ruotong"]
[Black "Yuan, Ye"]
[Result "1/2-1/2"]
[ECO "D92"]
[WhiteElo "2166"]
[BlackElo "2159"]
[Annotator "ChessBase"]
[PlyCount "144"]
[EventDate "2017.??.??"]
[EventType "rapid"]
[EventCountry "CHN"]
[SourceTitle "playchess.com"]
[Source "ChessBase"]
[SourceQuality "1"]
[TimeControl "900+10"]

1. d4 Nf6 2. c4 g6 3. Nc3 d5 4. Bf4 Bg7 5. e3 O-O 6. Rc1 Be6 7. Nf3 dxc4 8. Ng5 Bd5 9. e4 h6 10. exd5 hxg5 11. Bxg5 Nxd5 12. Bxc4 Nb6 13. Bb3 Nc6 14. d5 Nd4 15. O-O Qd7 16. Re1 Rfe8 17. Bf4 Rad8 18. Be5 Nxb3 19. Qxb3 Bxe5 20. Rxe5 c6 21. dxc6 Qxc6 22. Rce1 Qf6 23. R5e3 Rd7 24. a4 Rc8 25. Rf3 Qg7 26. Nb5 Rd2 27. Nc3 Rd7 28. Rf4 e6 29. Rb4 Rd2 30. a5 Nd5 31. Nxd5 exd5 32. Rxb7 Qe5 33. Rf1 Qe2 34. Rb8 Rxb8 35. Qxb8+ Kg7 36. h3 a6 37. b4 d4 38. b5 Qxb5 39. Qxb5 axb5 40. Rb1 Ra2 41. Rxb5 Ra1+ 42. Kh2 d3 43. Rd5 d2 44. Rxd2 Rxa5 45. f4 g5 46. fxg5 Rxg5 47. Rd4 Ra5 48. h4 Kf6 49. Kh3 Kf5 50. Rd3 Ra1 51. Rd5+ Kf6 52. Rg5 Ra4 53. g3 Rb4 54. Rg4 Rb5 55. Rf4+ Kg6 56. Kg4 Ra5 57. Rb4 f6 58. Rf4 f5+ 59. Kh3 Ra3 60. Rb4 Rc3 61. Rb6+ Kf7 62. Kg2 Kg7 63. Kf2 Ra3 64. Re6 Rb3 65. Re3 Rb4 66. Kf3 Kf6 67. Ra3 Rb6 68. Ra4 Rb1 69. Ra6+ Ke5 70. Ra5+ Kf6 71. Ra6+ Ke5 72. Ra4 Rb3+ {Ke4} 1/2-1/2

[Event "CHN-ch Rapid Women 2017"]
[Site "Shenzhen"]
[Date "2017.12.08"]
[Round "7"]
[White "Hong, Xing"]
[Black "Ning, Kaiyu"]
[Result "1-0"]
[ECO "A13"]
[WhiteElo "2017"]
[BlackElo "2169"]
[Annotator "NA"]
[PlyCount "91"]
[EventDate "2017.??.??"]
[EventType "rapid"]
[EventCountry "CHN"]
[SourceTitle "playchess.com"]
[Source "ChessBase"]
[SourceQuality "1"]
[TimeControl "900+10"]

1. c4 e6 2. b3 d5 3. Bb2 d4 4. Nf3 c5 5. g3 Nc6 6. Bg2 g6 7. e3 Bg7 8. exd4 cxd4 9. O-O Nge7 10. d3 O-O 11. Qd2 a5 12. a3 Qb6 13. Qc2 e5 14. Nbd2 Bf5 15. Rfe1 Qc7 16. Nh4 Be6 17. Ne4 Nf5 18. Nf3 Nd6 19. Nfg5 Bf5 20. c5 Nxe4 21. Bxe4 Bxe4 22. Nxe4 Rad8 23. Qc4 Qd7 24. Nd6 Bh6 25. Re2 Ra8 26. Rae1 Kg7 27. Rxe5 Nxe5 28. Qxd4 f6 29. Rxe5 Kh8 30. Re4 Bg7 31. Qe3 Qc6 32. Re7 Qd5 33. Rd7 Qxb3 34. Qe7 Qg8 35. Rxb7 h6 36. Nf7+ Kh7 37. Bxf6 Rae8 38. Ng5+ hxg5 39. Qxg7+ Qxg7 40. Bxg7 Rf3 41. Rd7 g4 42. c6 Rf5 43. Be5+ Kh6 44. d4 Kg5 45. c7 Rff8 46. Bd6 1-0

[Event "CHN-ch Rapid Women 2017"]
[Site "Shenzhen"]
[Date "2017.12.08"]
[Round "8"]
[White "Guo, Qi"]
[Black "Zhai, Mo"]
[Result "0-1"]
[ECO "E12"]
[WhiteElo "2396"]
[BlackElo "2302"]
[Annotator "RC"]
[PlyCount "98"]
[EventDate "2017.??.??"]
[EventType "rapid"]
[EventCountry "CHN"]
[SourceTitle "playchess.com"]
[Source "ChessBase"]
[SourceQuality "1"]
[TimeControl "900+10"]

1. d4 Nf6 2. c4 e6 3. Nf3 b6 4. a3 Bb7 5. Nc3 d5 6. Bf4 Be7 7. e3 O-O 8. Rc1 c5 9. cxd5 Nxd5 10. Nxd5 Bxd5 11. dxc5 bxc5 12. Bd3 h6 13. O-O Nd7 14. Qe2 Nf6 15. Ne5 Qb6 16. e4 Bb3 17. Nc4 Bxc4 18. Rxc4 Rfd8 19. e5 Nd7 20. Bc1 Qc7 21. Qe4 Nf8 22. Re1 Qd7 23. Bc2 Qd5 24. Qe2 Rac8 25. Rg4 Kh8 26. Rg3 f5 27. Qh5 Nh7 28. Qg6 Rg8 29. Qf7 Bh4 30. Rd3 Qc4 31. Rc3 Qa6 32. Be3 Bg5 33. f4 Bd8 34. Rd1 Ba5 35. Rcd3 Rgf8 36. Qg6 Rc6 37. Rd7 Rg8 38. Bd3 c4 39. Be2 Nf8 40. Qf7 Nxd7 41. Rxd7 Bb6 42. Bxb6 Qxb6+ 43. Kf1 Qxb2 44. Kf2 c3 45. Re7 Qb6+ 46. Kg3 c2 47. Re8 Rxe8 48. Qxe8+ Kh7 49. Bh5 Rc3+ 0-1

[Event "CHN-ch Rapid Women 2017"]
[Site "Shenzhen"]
[Date "2017.12.08"]
[Round "8"]
[White "Ning, Kaiyu"]
[Black "Chu, Ruotong"]
[Result "1/2-1/2"]
[ECO "D79"]
[WhiteElo "2169"]
[BlackElo "2166"]
[Annotator "RC"]
[PlyCount "58"]
[EventDate "2017.??.??"]
[EventType "rapid"]
[EventCountry "CHN"]
[SourceTitle "playchess.com"]
[Source "ChessBase"]
[SourceQuality "1"]
[TimeControl "900+10"]

1. Nf3 Nf6 2. c4 g6 3. g3 Bg7 4. Bg2 c6 5. O-O d5 6. cxd5 cxd5 7. d4 O-O 8. Nc3 Ne4 9. Bf4 Nc6 10. Rc1 Bf5 11. Ne5 Nxc3 12. Rxc3 Qb6 13. e3 Qxb2 14. Rb3 Qxa2 15. Rxb7 Nxe5 16. Bxe5 Bxe5 17. dxe5 e6 18. Qd4 Rfb8 19. Rc7 Qb2 20. Qf4 Rb4 21. Qg5 Rb7 22. Rxb7 Qxb7 23. h4 Qc7 24. g4 Bd3 25. Ra1 Qc3 26. Rd1 Qc2 27. Ra1 Qc3 28. Rd1 Qc2 29. Ra1 Qc3 1/2-1/2

[Event "CHN-ch Rapid Women 2017"]
[Site "Shenzhen"]
[Date "2017.12.08"]
[Round "9"]
[White "Zhang, Lanlin"]
[Black "Ning, Kaiyu"]
[Result "1-0"]
[ECO "C00"]
[WhiteElo "2183"]
[BlackElo "2169"]
[Annotator "RC"]
[PlyCount "105"]
[EventDate "2017.??.??"]
[EventType "rapid"]
[EventCountry "CHN"]
[SourceTitle "playchess.com"]
[Source "ChessBase"]
[SourceQuality "1"]
[TimeControl "900+10"]

1. e4 e6 2. d3 d5 3. Nd2 Nf6 4. g3 dxe4 5. dxe4 e5 6. Bg2 Nc6 7. Ngf3 Bc5 8. O-O O-O 9. c3 Qe7 10. b4 Bd6 11. Qc2 b6 12. a4 a5 13. b5 Nd8 14. Nc4 Bb7 15. Nh4 Bc5 16. Nf5 Qe6 17. Nce3 g6 18. Nh4 Bxe3 19. Bxe3 Qc4 20. Rfe1 Ne6 21. f3 Nc5 22. Bf1 Qe6 23. Ng2 Nfd7 24. Qa2 Qxa2 25. Rxa2 Kg7 26. Rd1 f5 27. Rad2 Nf6 28. Bxc5 bxc5 29. exf5 Bxf3 30. Re1 Rae8 31. fxg6 hxg6 32. Ne3 Re7 33. Bg2 Ne4 34. Rc2 Ng5 35. h4 Bxg2 36. Kxg2 Nf3 37. Ree2 Rd7 38. Rc1 e4 39. Nc4 Re8 40. Nxa5 Ra8 41. Nb3 Rad8 42. Rxe4 Nd2 43. Nxd2 Rxd2+ 44. Kh3 R8d7 45. Rce1 Kf7 46. Rf4+ Kg7 47. Ra1 Rb2 48. Re1 Ra2 49. Re5 Rd1 50. Rxc5 Rh1+ 51. Kg4 Rg1 52. Rxc7+ Kg8 53. Rd4 1-0